 Dungeon Crawl Stone Soup version 0.25-a0-578-gc91f01c (webtiles) character file.

Game seed: 14946595929020330967, levelgen mode: deterministic

79 15 the Chopper (level 4, -5/60 HPs)
             Began as a Hill Orc Abyssal Knight on Mar 3, 2020.
             Was a Follower of Lugonu.
             Slain by an ogre
             ... wielding a +0 giant spiked club
              (15 damage)
             ... on level 4 of the Dungeon.
             The game lasted 00:05:46 (2538 turns).

15 the Chopper (Hill Orc Abyssal Knight)            Turns: 2538, Time: 00:05:46

Health: -5/60      AC: 22    Str: 14      XL:     4   Next: 38%
Magic:  6/6        EV:  2    Int: 10 (13) God:    Lugonu [*.....]
Gold:   137        SH:  0    Dex:  8 (10) Spells: 3/3 levels left

rFire    + . .     SeeInvis .   a - +2 hand axe
rCold    . . .     Gourm    .   (no shield)
rNeg     + + +     Faith    .   (armour currently unavailable)
rPois    +         Spirit   .   (helmet currently unavailable)
rElec    .         Reflect  .   (cloak currently unavailable)
rCorr    .         Harm     .   (gloves currently unavailable)
MR       .....     NoTele   +   (boots currently unavailable)
Stlth    +.........             p - amulet of the acrobat
HPRegen  0.20/turn              r - ring of wizardry
MPRegen  0.10/turn              m - ring of protection from fire

@: tree-form
A: no striking features
a: Depart the Abyss, Renounce Religion


You were on level 4 of the Dungeon.
You worshipped Lugonu.
Lugonu was aware of your devotion.
You were not hungry.
You were a tree.
You visited 1 branch of the dungeon, and saw 4 of its levels.
You visited the Abyss 1 time.

You collected 137 gold pieces.

Inventory:

Hand Weapons
 a - a +2 hand axe (weapon)
Armour
 b - a +0 leather armour
 l - a +0 plate armour (melded)
 n - a +0 hat
Jewellery
 j - an uncursed ring of fire
 m - a ring of protection from fire (right branch)
 p - an amulet of the acrobat (around neck)
 r - a ring of wizardry (left branch)
Scrolls
 e - 2 scrolls of blinking {unknown}
 h - 5 scrolls of remove curse {unknown}
 k - a scroll of fear {unknown}
 o - 2 scrolls of teleportation {unknown}
Potions
 d - a potion of haste
 f - a potion of degeneration
 q - a potion of heal wounds
 s - a potion of invisibility
 t - a potion of might {unknown}
Comestibles
 c - 6 rations
 i - 2 chunks of flesh


   Skills:
 * Level 4.0 Fighting
 * Level 4.4 Axes
 * Level 2.7 Armour
 * Level 1.0 Dodging
 + Level 0.1 Stealth
 * Level 0.3 Spellcasting
 * Level 3.1 Invocations


You had 3 spell levels left.
You didn't know any spells.
Your spell library was empty.

Dungeon Overview and Level Annotations

Branches:
Dungeon (4/15)
 Temple: D:4-7

Altars:
Gozag
Ru


Message History

The jackal bites you but does no damage. x2
A jackal comes into view.
The jackal bites you but does no damage. x3
You barely miss the ogre.
The ogre is severely wounded.
You closely miss the jackal. You barely miss the jackal. You hit the jackal.
The jackal bites you but does no damage.
The ogre hits you but does no damage. The jackal barely misses you.
The jackal bites you but does no damage.
Unknown command.
You closely miss the ogre.
The ogre is severely wounded.
You hit the jackal.
You kill the jackal!
Lugonu accepts your kill.
You closely miss the jackal. You barely miss the jackal.
The jackal barely misses you. The jackal completely misses you.
The jackal bites you but does no damage.
The ogre hits you with a +0 giant spiked club!
You die...

#....#+###....#
#....#...#....#
#....'...#....#
#....#...'....#
#....#...#....#
#....#...#....#
+....+...#....#
#....#...#....#
#....###+#♣h..+
#........hOh.h#
#.............h...
#.................
...............
..#####........
####### .
###+##### .......
.......


You could see an ogre and 5 jackals.

Vanquished Creatures
  4 adders
  2 adder skeletons
  2 dart slugs
  4 giant cockroaches
  3 goblins
  3 hobgoblins
  A jackal (D:4)
  2 kobolds (D:3)
  4 bats
  3 frilled lizards
  9 rats
37 creatures vanquished.

Notes
Turn   | Place    | Note
-------+----------+-------------------------------------------
     0 | Abyss:1  | 15 the Hill Orc Abyssal Knight began the quest for the Orb.
     0 | Abyss:1  | Reached XP level 1. HP: 19/19 MP: 2/2
    79 | Abyss:1  | Noticed a jelly
   117 | Abyss:1  | Noticed a large abomination
   121 | Abyss:1  | Noticed a large abomination
   121 | Abyss:1  | Noticed a ynoxinul
   123 | D:1      | Escaped the Abyss
   387 | D:1      | Reached XP level 2. HP: 27/27 MP: 3/3
   461 | D:1      | Reached * piety under Lugonu
   731 | D:2      | Found an opulent altar of Gozag.
   798 | D:2      | Reached XP level 3. HP: 15/33 MP: 5/5
  1841 | D:3      | Reached skill level 1 in Dodging
  2061 | D:3      | Found a sacrificial altar of Ru.
  2153 | D:3      | Reached XP level 4. HP: 30/40 MP: 6/6
  2527 | D:4      | Noticed an ogre
  2538 | D:4      | Slain by an ogre

Levels and vault maps discovered:
D:1:      dpeg_arrival_castle, layout_basic, chequers_serial_rivers_room_a
D:2:      layout_basic, grunt_gozag_breadcrumbs
D:3:      layout_basic, first_ration, hangedman_ru_absence
D:4:      layout_gridville, overflow_temple_1_default,
          cheibrodos_ashenzari_chains, uniq_edmund, uniq_blork_the_orc,
          uniq_menkaure

Skill      XL: |  1  2  3 |
---------------+----------+-----
Axes           | 3 4 |  4.4
Invocations    | 3 |  3.1
Fighting       | 4 |  4.0
Dodging        | 1 |  1.0
Armour         | |  2.7
Stealth        | |  0.1
Spellcasting   | |  0.3

Action                   |  1- 3 |  4- 6 || total
-------------------------+-------+-------++-------
Melee: Hand axe          |    91 |    32 ||   123
Invok: Depart the Abyss  |     1 |       ||     1
  Use: Scroll            |     6 |       ||     6
       Potion            |     2 |     1 ||     3
  Eat: Chunk             |     4 |     1 ||     5
Armor: Leather armour    |    17 |       ||    17
       Plate armour      |     7 |    14 ||    21
       Skin              |       |    14 ||    14
Dodge: Dodged            |    60 |    11 ||    71

Table legend:
 A = Non-vault XP
 B = Vault XP
 C = Vault XP percentage of total XP
 D = Non-vault monster count
 E = Vault monster count
 F = Vault count percentage of total count
                 A         B        C        D         E       F
            +---------+---------+-------+---------+---------+-------
      Total |     114 |       0 |   0.0 |      37 |       0 |   0.0
            +---------+---------+-------+---------+---------+-------
        D:1 |      18 |       0 |   0.0 |      11 |       0 |   0.0
        D:2 |      51 |       0 |   0.0 |      15 |       0 |   0.0
        D:3 |      24 |       0 |   0.0 |       8 |       0 |   0.0
        D:4 |      21 |       0 |   0.0 |       3 |       0 |   0.0
            +---------+---------+-------+---------+---------+-------
